 Dungeon Crawl Stone Soup version 0.27-a0-1595-g0b823d0a13 (webtiles) character file.

Game seed: 9975280788151247452

531 MovingMist the Skirmisher (level 7, -4/44 HPs)
             Began as a Gargoyle Fighter on July 21, 2021.
             Slain by a gnoll sergeant (8 damage)
             ... on level 4 of the Dungeon.
             The game lasted 00:06:25 (4278 turns).

MovingMist the Skirmisher (Gargoyle Fighter)        Turns: 4278, Time: 00:06:26

Health: -4/44      AC: 15    Str: 19    XL:     7   Next: 24%
Magic:  7/7        EV:  8    Int:  9    God:
Gold:   189        SH:  7    Dex: 11    Spells: 6/6 levels left

rFire    . . .     SeeInvis .   a - +0 flail
rCold    . . .     Faith    .   u - +3 buckler of Absence {rPois}
rNeg     + . .     Spirit   .   w - +0 chain mail
rPois    ∞         Reflect  .   (no helmet)
rElec    +         Harm     .   s - +0 cloak
rCorr    .         Rampage  .   (no gloves)
Will     +....                  (no boots)
Stlth    ..........             (no amulet)
HPRegen  0.14/turn              q - ring of willpower
MPRegen  0.10/turn              (no ring)

@: no status effects
A: sickness immunity, AC +4, negative energy resistance 1, electricity
resistance, torment resistance 1, petrification resistance
a: no special abilities


You were on level 4 of the Dungeon.
You visited 2 branches of the dungeon, and saw 6 of its levels.

You collected 189 gold pieces.

Inventory:

Hand Weapons
 a - a +0 flail (weapon)
Missiles
 c - 2 throwing nets (quivered)
Armour
 s - a +0 cloak (worn)
 u - the +3 buckler of Absence (worn) {rPois}
   (You found it on level 4 of the Dungeon)

   rPois:     It protects you from poison.
 w - a +0 chain mail (worn)
Jewellery
 e - a ring of flight
 m - a ring of wizardry
 q - a ring of willpower (left hand)
Wands
 v - a wand of digging (6)
Scrolls
 f - a scroll of holy word {unknown}
 g - a scroll of teleportation {unknown}
 i - 3 scrolls of fear {unknown}
 j - 3 scrolls of identify {unknown}
 k - a scroll of silence {unknown}
 l - a scroll of fog {unknown}
 n - a scroll of brand weapon {unknown}
 o - a scroll of torment {unknown}
 t - a scroll of enchant weapon {unknown}
Potions
 d - 3 potions of might
 h - 2 potions of magic {unknown}
 p - a potion of curing {unknown}
 r - a potion of heal wounds {unknown}


   Skills:
 + Level 4.9 Fighting
 + Level 3.7 Maces & Flails
 + Level 4.9 Armour
 * Level 3.7 Dodging
 - Level 3.2 Shields


You had 6 spell levels left.
You didn't know any spells.
Your spell library contained the following spells:

 Spells                   Type           Power      Damage    Failure   Level
 Poisonous Vapours        Pois/Air       0%         N/A       100%        2
 Static Discharge         Conj/Air       0%         N/A       100%        2
 Call Canine Familiar     Summ           0%         N/A       100%        3
 Dazzling Flash           Conj/Hex       0%         N/A       100%        3
 Mephitic Cloud           Conj/Pois/Air  0%         N/A       100%        3
 Portal Projectile        Hex/Tloc       0%         N/A       100%        3
 Dispel Undead            Necr           0%         3d6       100%        4
 Leda's Liquefaction      Hex/Erth       0%         N/A       100%        4
 Sticky Flame             Conj/Fire      0%         2d3       100%        4
 Agony                    Necr           0%         N/A       100%        5
 Freezing Cloud           Conj/Ice/Air   0%         6-21      100%        5
 Silence                  Hex/Air        0%         N/A       100%        5


Dungeon Overview and Level Annotations

Branches:
Dungeon (5/15)             Temple (1/1) D:4

Altars:
Ashenzari
Dithmenos
Elyvilon
Fedhas
Gozag
Kikubaaqudgha
Makhleb
Nemelex Xobeh
Qazlal
Sif Muna
Trog
Uskayaw
Vehumet
Wu Jian
Xom
Yredelemnul
Zin
The Shining One

Shops:
D:5 *


Innate Abilities, Weirdness & Mutations

You are immune to sickness and miasma.
Your stone body is resilient. (AC +4)
You are immune to poison.
You resist negative energy. (rN+)
You are resistant to electric shocks. (rElec)
You are resistant to unholy torment.
You are immune to petrification.


Message History

You block the gnoll sergeant's attack.
You hit the gnoll sergeant but do no damage.
The gnoll sergeant is heavily wounded.
The gnoll hits you but does no damage. The gnoll hits you with a +0 whip.
You block the gnoll sergeant's attack.
You hit the gnoll sergeant.
The gnoll sergeant is severely wounded.
You block the gnoll's attack. x2
The gnoll sergeant hits you but does no damage.
You closely miss the gnoll sergeant.
The gnoll sergeant is severely wounded.
The gnoll barely misses you. The gnoll closely misses you.
You block the gnoll sergeant's attack. The gnoll closely misses you.
The gnoll hits you with a +0 whip. The gnoll sergeant barely misses you.
You hit the gnoll sergeant but do no damage.
The gnoll sergeant is severely wounded.
The gnoll hits you from afar with a +0 spear.
The gnoll hits you with a +0 whip. You block the gnoll sergeant's attack.
You hit the gnoll sergeant.
The gnoll sergeant is almost dead.
The gnoll closely misses you. The gnoll hits you with a +0 whip.
The gnoll sergeant hits you with a +1 vorpal spear.
* * * LOW HITPOINT WARNING * * *
x2 You block the gnoll's attack.
The gnoll hits you from afar with a +0 spear.
* * * LOW HITPOINT WARNING * * *
The gnoll sergeant closely misses you.
You climb upwards.
There is a stone staircase leading down here.
You block the gnoll's attack.
The gnoll sergeant hits you but does no damage.
The gnoll sergeant barely misses you.
You hit the gnoll.
The gnoll is lightly wounded.
The gnoll hits you but does no damage. You block the gnoll sergeant's attack.
You hit the gnoll.
The gnoll is heavily wounded.
The gnoll closely misses you.
The gnoll sergeant hits you from afar with a +1 vorpal spear!
You die...

#.##.#.....)..............#
###.##.#.[.###+##.....(.....#
#......#.#.###.##...........#
#...........................#
.......####.##.##...........#
.......................######
#...............#......#
#...............#......#
######......#..g@...####
#.....##[g###### ####.....>#
########


You could see a gnoll sergeant and a gnoll.

Vanquished Creatures
  A bullfrog (D:5)
  3 scorpions (D:4)
  A water moccasin skeleton (D:4)
  2 iguanas (D:4)
  2 orc wizards (D:4)
  5 adders
  3 gnolls
  3 worms
  2 dart slugs
  3 orcs (D:4)
  5 endoplasms
  3 giant cockroaches
  2 goblins
  3 hobgoblins
  3 jackals (D:1)
  5 kobolds
  4 quokkas
  7 ball pythons
  2 bats
  6 frilled lizards
  7 rats
72 creatures vanquished.

Notes
Turn   | Place    | Note
-------+----------+-------------------------------------------
     0 | D:1      | MovingMist the Gargoyle Fighter began the quest for the
                  | Orb.
     0 | D:1      | Reached XP level 1. HP: 14/14 MP: 1/1
   222 | D:1      | Reached XP level 2. HP: 19/19 MP: 2/2
   265 | D:1      | Reached skill level 1 in Dodging
   512 | D:1      | Reached XP level 3. HP: 23/23 MP: 3/3
  1281 | D:2      | Reached XP level 4. HP: 20/29 MP: 4/4
  2351 | D:4      | Found a staircase to the Ecumenical Temple.
  2353 | D:4      | Noticed a scorpion
  2358 | Temple   | Entered the Ecumenical Temple
  2524 | D:4      | Killed a scorpion
  2525 | D:4      | Reached XP level 5. HP: 11/33 MP: 5/5
  2957 | D:4      | Reached XP level 6. HP: 26/39 MP: 6/6
  3291 | D:4      | Identified the +3 buckler of Absence {rPois}
  3684 | D:4      | Reached XP level 7. HP: 39/44 MP: 7/7
  3772 | D:5      | Entered Level 5 of the Dungeon
  3786 | D:5      | Found Juteneg's Neck Hole.
  3961 | D:5      | HP: 2/44 [gnoll sergeant (1)]
  4278 | D:4      | Slain by a gnoll sergeant

Illustrated notes

Levels and vault maps discovered:
D:1:      scummos_arrival_forest, layout_loops_cross
D:2:      layout_rooms
D:3:      layout_basic
D:4:      layout_basic, temple_statues
D:5:      old_forge, layout_basic, serial_rivers,
          chequers_serial_rivers_micro_e, chequers_serial_rivers_micro_c,
          chequers_serial_rivers_marsh, chequers_serial_rivers_micro_e,
          chequers_serial_rivers_room_a, nicolae_shop_sticking_my_neck_out
Temple:   regret_index_temple_mists

Skill      XL: |  1  2  3  4  5  6 |
---------------+-------------------+-----
Dodging        | 1 2 3 |  3.7
Fighting       | 4 |  4.9
Armour         | 4 |  4.9
Maces & Flails | 3 |  3.7
Shields        | |  3.2

Action                   |  1- 3 |  4- 6 |  7- 9 || total
-------------------------+-------+-------+-------++-------
Melee: Flail             |   106 |   179 |    37 ||   322
Armor: Scale mail        |    62 |    81 |       ||   143
       Chain mail        |       |    26 |    35 ||    61
Dodge: Dodged            |    38 |    47 |    37 ||   122
Block: Kite shield       |    53 |    51 |       ||   104
       Buckler           |       |     8 |    31 ||    39

Table legend: (Time is in decaauts)
 A = Elapsed time spent in this place.
 B = Non-inter-level travel time spent in this place.
 C = Inter-level travel time spent in this place.
 D = Time resting spent in this place.
 E = Time spent auto-exploring this place.
 F = Levels seen in this place.
 G = Mean time per level.
                   A        B        C        D        E       F      G
               +--------+--------+--------+--------+--------+-----+--------+
         Total |   4467 |   4293 |    174 |    900 |   2604 |   6 |  744.5 |
       Dungeon |   4266 |   4114 |    152 |    900 |   2431 |   5 |  853.2 |
        Temple |    200 |    178 |     22 |      0 |    173 |   1 |  200.0 |
               +--------+--------+--------+--------+--------+-----+--------+

Top non-repeatable levels by time:
     D:4: 1776 daAuts
     D:3: 927 daAuts
     D:1: 854 daAuts
     D:2: 634 daAuts
  Temple: 200 daAuts
     D:5: 73 daAuts
